TOP OF THE 1ST |
Pensacola Pilots batting - Pitching for Nashua Redlegs : RHP Fernando Valdés
|
Pitching: RHP Fernando Valdés
|
|
Batting: SHB José Velásquez
|
0-0: Ball 1-0: Called Strike 1-1: Called Strike 1-2: Strikes out swinging
|
Batting: LHB Nick Gamble
|
0-0: Foul Ball, location: 2F 0-1: Ball 1-1: Called Strike 1-2: Fly out, F8 (Flyball, 78D)
|
Batting: LHB Weston Chaney
|
0-0: Called Strike 0-1: Ball 1-1: Ball 2-1: Called Strike 2-2: Ball 3-2: Foul Ball, location: 2F 3-2: Foul Ball, location: 2F 3-2: Foul Ball, location: 2F 3-2: Base on Balls
|
Batting: RHB Julian Lee
|
0-0: Called Strike 0-1: Swinging Strike 0-2: Foul Ball, location: 2F 0-2: Ball 1-2: Fly out, F9 (Flyball, 9S)
|
Top of the 1st over - 0 run(s), 0 hit(s), 0 error(s), 1 left on base; Pensacola 0 - Nashua 0 |
BOTTOM OF THE 1ST |
Nashua Redlegs batting - Pitching for Pensacola Pilots : LHP Ramón Vázquez
|
Pitching: LHP Ramón Vázquez
|
|
Batting: LHB Bob Campbell
|
0-0: Foul Ball, location: 2F 0-1: Ball 1-1: Foul Ball, location: 2F 1-2: Ball 2-2: Strikes out swinging
|
Batting: RHB Currito Campos
|
0-0: Ball 1-0: Ball 2-0: Swinging Strike 2-1: SINGLE (Groundball, 6D)
|
Batting: RHB Jorge Valenzuela
|
0-0: Foul Ball, location: 2F 0-1: Ball 1-1: Swinging Strike 1-2: Ball 2-2: Ball 3-2: Base on Balls Currito Campos to second
|
Batting: RHB Joe Noble
|
0-0: Foul Ball, location: 2F 0-1: Fly out, F9 (Flyball, 89M)
|
Batting: RHB Dave Warren
|
0-0: Ball 1-0: Foul Ball, location: 2F 1-1: Ball 2-1: Swinging Strike 2-2: Foul Ball, location: 2F 2-2: Ground out 5-3 (Groundball, 56S)
|
Bottom of the 1st over - 0 run(s), 1 hit(s), 0 error(s), 2 left on base; Pensacola 0 - Nashua 0 |
TOP OF THE 2ND |
Pensacola Pilots batting - Pitching for Nashua Redlegs : RHP Fernando Valdés
|
Batting: RHB Aaron Grizzle
|
0-0: Called Strike 0-1: Swinging Strike 0-2: Strikes out swinging
|
Batting: RHB Robert Rose
|
0-0: Foul Ball, location: 2F 0-1: Ball 1-1: Swinging Strike 1-2: Ball 2-2: Strikes out swinging
|
Batting: LHB Ricardo García
|
0-0: Ball 1-0: Foul Ball, location: 2F 1-1: Foul Ball, location: 2F 1-2: Ground out 6-3 (Groundball, 6)
|
Top of the 2nd over - 0 run(s), 0 hit(s), 0 error(s), 0 left on base; Pensacola 0 - Nashua 0 |
BOTTOM OF THE 2ND |
Nashua Redlegs batting - Pitching for Pensacola Pilots : LHP Ramón Vázquez
|
Batting: SHB Chris Young
|
0-0: Ground out U3 (Groundball, 34S)
|
Batting: RHB Jesús Heredia
|
0-0: Foul Ball, location: 2F 0-1: Ball 1-1: Foul Ball, location: 2F 1-2: SINGLE (Groundball, 4D)
|
Batting: RHB Alan Evans
|
0-0: Grounds into double play, 6-4-3 (Groundball, 6)
|
Bottom of the 2nd over - 0 run(s), 1 hit(s), 0 error(s), 0 left on base; Pensacola 0 - Nashua 0 |
TOP OF THE 3RD |
Pensacola Pilots batting - Pitching for Nashua Redlegs : RHP Fernando Valdés
|
Batting: RHB Dennis Mays
|
0-0: Foul Ball, location: 2F 0-1: Foul Ball, location: 2F 0-2: Strikes out swinging
|
Batting: RHB José Ramos
|
0-0: Called Strike 0-1: Ground out 5-3 (Groundball, 5S)
|
Batting: SHB José Velásquez
|
0-0: Swinging Strike 0-1: Foul Ball, location: 2F 0-2: Strikes out swinging
|
Top of the 3rd over - 0 run(s), 0 hit(s), 0 error(s), 0 left on base; Pensacola 0 - Nashua 0 |
BOTTOM OF THE 3RD |
Nashua Redlegs batting - Pitching for Pensacola Pilots : LHP Ramón Vázquez
|
Batting: RHB Katsuhito Ohayashi
|
0-0: Ball 1-0: Called Strike 1-1: Foul Ball, location: 2F 1-2: Strikes out looking
|
Batting: LHB Bob Campbell
|
0-0: Ball 1-0: Fly out, F6 (Line Drive, 56D)
|
Batting: RHB Currito Campos
|
0-0: Ball 1-0: Ball 2-0: Foul Ball, location: 2F 2-1: Ball 3-1: Base on Balls
|
Batting: RHB Jorge Valenzuela
|
0-0: Called Strike 0-1: Foul Ball, location: 2F 0-2: Strikes out looking
|
Bottom of the 3rd over - 0 run(s), 0 hit(s), 0 error(s), 1 left on base; Pensacola 0 - Nashua 0 |
TOP OF THE 4TH |
Pensacola Pilots batting - Pitching for Nashua Redlegs : RHP Fernando Valdés
|
Batting: LHB Nick Gamble
|
0-0: Ball 1-0: Ball 2-0: Foul Ball, location: 2F 2-1: SINGLE (Flyball, 8RS)
|
Batting: LHB Weston Chaney
|
0-0: Called Strike 0-1: Ball 1-1: Called Strike 1-2: Foul Ball, location: 2F 1-2: Ball 2-2: Foul Ball, location: 2F 2-2: SINGLE (Flyball, 7LS) Nick Gamble to second
|
Batting: RHB Julian Lee
|
0-0: Foul Ball, location: 2F 0-1: Foul Ball, location: 2F 0-2: Ground out 5-3 (Groundball, 56S) Nick Gamble to third Weston Chaney to second
|
Batting: RHB Aaron Grizzle
|
0-0: Ball 1-0: Called Strike 1-1: Fly out, F5 (Line Drive, 5)
|
Batting: RHB Robert Rose
|
0-0: Ball 1-0: Called Strike 1-1: Ball 2-1: Foul Ball, location: 2F 2-2: Ball 3-2: Ground out 4-3 (Groundball, 4M)
|
Top of the 4th over - 0 run(s), 2 hit(s), 0 error(s), 2 left on base; Pensacola 0 - Nashua 0 |
BOTTOM OF THE 4TH |
Nashua Redlegs batting - Pitching for Pensacola Pilots : LHP Ramón Vázquez
|
Batting: RHB Joe Noble
|
0-0: Ball 1-0: Foul Ball, location: 2F 1-1: Swinging Strike 1-2: Strikes out swinging
|
Batting: RHB Dave Warren
|
0-0: Called Strike 0-1: Fly out, F7 (Flyball, 7LM)
|
Batting: SHB Chris Young
|
0-0: Called Strike 0-1: Ball 1-1: Ball 2-1: Ball 3-1: Base on Balls
|
Batting: RHB Jesús Heredia
|
0-0: Ball 1-0: Ball 2-0: SINGLE (Groundball, 34D) Chris Young to second Runner from 2nd tries for 3rd, SAFE, throw made to third Jesús Heredia to second
|
Batting: RHB Alan Evans
|
0-0: Ball 1-0: Ground out 4-3 (Groundball, 4)
|
Bottom of the 4th over - 0 run(s), 1 hit(s), 0 error(s), 2 left on base; Pensacola 0 - Nashua 0 |
TOP OF THE 5TH |
Pensacola Pilots batting - Pitching for Nashua Redlegs : RHP Fernando Valdés
|
Batting: LHB Ricardo García
|
0-0: Ball 1-0: Foul Ball, location: 2F 1-1: Ball 2-1: SINGLE (Groundball, 4MD)
|
Batting: RHB Dennis Mays
|
0-0: Ball 1-0: Ball 2-0: Ball 3-0: Base on Balls Ricardo García to second
|
Batting: RHB José Ramos
|
0-0: Grounds into double play, 6-4-3 (Groundball, 6) Ricardo García to third
|
Batting: SHB José Velásquez
|
0-0: Ball 1-0: Ball 2-0: Ball 3-0: Called Strike 3-1: Base on Balls
|
Batting: LHB Nick Gamble
|
0-0: Ground out 6-3 (Groundball, 6S)
|
Top of the 5th over - 0 run(s), 1 hit(s), 0 error(s), 2 left on base; Pensacola 0 - Nashua 0 |
BOTTOM OF THE 5TH |
Nashua Redlegs batting - Pitching for Pensacola Pilots : LHP Ramón Vázquez
|
Batting: RHB Katsuhito Ohayashi
|
0-0: Ball 1-0: Called Strike 1-1: Ball 2-1: Foul Ball, location: 2F 2-2: Ball 3-2: Foul Ball, location: 2F 3-2: Ground out 6-3 (Groundball, 6)
|
Batting: LHB Bob Campbell
|
0-0: Ground out 6-3 (Groundball, 6)
|
Batting: RHB Currito Campos
|
0-0: Ball 1-0: Ball 2-0: Foul Ball, location: 2F 2-1: Foul Ball, location: 2F 2-2: Ground out 4-3 (Groundball, 34)
|
Bottom of the 5th over - 0 run(s), 0 hit(s), 0 error(s), 0 left on base; Pensacola 0 - Nashua 0 |
TOP OF THE 6TH |
Pensacola Pilots batting - Pitching for Nashua Redlegs : RHP Fernando Valdés
|
Batting: LHB Weston Chaney
|
0-0: Called Strike 0-1: Ball 1-1: Ball 2-1: Foul Ball, location: 2F 2-2: Ball 3-2: Fly out, F8 (Flyball, 8LS)
|
Pitching: RHP Samuel Farrell
|
|
Batting: RHB Julian Lee
|
0-0: Called Strike 0-1: Ball 1-1: Ball 2-1: Swinging Strike 2-2: Strikes out swinging
|
Batting: RHB Aaron Grizzle
|
0-0: Called Strike 0-1: Ball 1-1: Foul Ball, location: 2F 1-2: Foul Ball, location: 2F 1-2: Foul Ball, location: 2F 1-2: SINGLE (Line Drive, 78M)
|
Batting: RHB Robert Rose
|
0-0: Called Strike 0-1: Ball 1-1: Ball 2-1: Foul Ball, location: 2F 2-2: Foul Ball, location: 2F 2-2: Ball 3-2: SINGLE (Groundball, 6MD) Aaron Grizzle to second Aaron Grizzle to third
|
Batting: LHB Ricardo García
|
0-0: Ball 1-0: Ball 2-0: Ball 3-0: Called Strike 3-1: Base on Balls Robert Rose to second
|
Batting: RHB Dennis Mays
|
0-0: Ball 1-0: Ball 2-0: Called Strike 2-1: Ground out 4-3 (Groundball, 4S)
|
Top of the 6th over - 0 run(s), 2 hit(s), 0 error(s), 3 left on base; Pensacola 0 - Nashua 0 |
BOTTOM OF THE 6TH |
Nashua Redlegs batting - Pitching for Pensacola Pilots : LHP Ramón Vázquez
|
Batting: RHB Jorge Valenzuela
|
0-0: Ball 1-0: Ball 2-0: Foul Ball, location: 2F 2-1: Ball 3-1: Base on Balls
|
Batting: RHB Joe Noble
|
0-0: Ball 1-0: Called Strike 1-1: Fielders Choice at 2nd, 5-4 (Groundball, 56)
|
Batting: RHB Dave Warren
|
0-0: Swinging Strike 0-1: Ball 1-1: Ball 2-1: Grounds into double play, 6-4-3 (Groundball, 6)
|
Bottom of the 6th over - 0 run(s), 0 hit(s), 0 error(s), 0 left on base; Pensacola 0 - Nashua 0 |
TOP OF THE 7TH |
Pensacola Pilots batting - Pitching for Nashua Redlegs : RHP Samuel Farrell
|
Batting: RHB José Ramos
|
0-0: Foul Ball, location: 2F 0-1: Called Strike 0-2: Ball 1-2: Foul Ball, location: 2F 1-2: Strikes out swinging
|
Pinch Hitting: LHB Brenton Carter
|
0-0: Foul Ball, location: 2F 0-1: Ground out 6-3 (Groundball, 6M)
|
Batting: LHB Nick Gamble
|
0-0: Called Strike 0-1: Fly out, F9 (Flyball, 89M)
|
Top of the 7th over - 0 run(s), 0 hit(s), 0 error(s), 0 left on base; Pensacola 0 - Nashua 0 |
BOTTOM OF THE 7TH |
Nashua Redlegs batting - Pitching for Pensacola Pilots : LHP Ramón Vázquez
|
Now at 2B: Jonny Lord
|
|
Batting: SHB Chris Young
|
0-0: Fly out, F5 (Popup, 5L)
|
Pitching: RHP Manuel Cadenas
|
|
Pinch Hitting: LHB Derrek Robinson
|
0-0: Called Strike 0-1: Ball 1-1: Swinging Strike 1-2: Foul Ball, location: 2F 1-2: Strikes out looking
|
Pinch Hitting: RHB Joe Smith
|
0-0: Ball 1-0: Ball 2-0: Ball 3-0: Base on Balls
|
Pinch Hitting: RHB Jimmy Skinner
|
0-0: Called Strike 0-1: Swinging Strike 0-2: Ball 1-2: Strikes out swinging
|
Bottom of the 7th over - 0 run(s), 0 hit(s), 0 error(s), 1 left on base; Pensacola 0 - Nashua 0 |
TOP OF THE 8TH |
Pensacola Pilots batting - Pitching for Nashua Redlegs : RHP Samuel Farrell
|
Now at 3B: José Vélez
|
|
Now at SS: William Rogers
|
|
Now in CF: Joe Smith
|
|
Batting: LHB Weston Chaney
|
0-0: Ball 1-0: Called Strike 1-1: Ball 2-1: SINGLE (Groundball, 4MD)
|
Pinch Runner at 1st Bill Stephenson:
|
|
Batting: RHB Julian Lee
|
0-0: Ball 1-0: Foul Ball, location: 2F 1-1: Ball 2-1: DOUBLE (Line Drive, 9D) Bill Stephenson to third Runner from 3rd tries for Home, SAFE, no throw
|
Batting: RHB Aaron Grizzle
|
0-0: Intentional Walk
|
Pitching: RHP Jesús Martínez
|
|
Pinch Hitting: RHB Jesús Sánchez
|
0-0: Fly out, F7 (Flyball, 78M)
|
Batting: LHB Ricardo García
|
0-0: Called Strike 0-1: Ball 1-1: Ball 2-1: Ball 3-1: Base on Balls Julian Lee to third Aaron Grizzle to second
|
Pinch Hitting: SHB Fernando Gutiérrez
|
0-0: Ball 1-0: Swinging Strike 1-1: Called Strike 1-2: Ball 2-2: Strikes out swinging
|
Batting: RHB José Ramos
|
0-0: Foul Ball, location: 2F 0-1: Called Strike 0-2: Ball 1-2: Ball 2-2: Strikes out looking
|
Top of the 8th over - 1 run(s), 2 hit(s), 0 error(s), 3 left on base; Pensacola 1 - Nashua 0 |
BOTTOM OF THE 8TH |
Nashua Redlegs batting - Pitching for Pensacola Pilots : RHP Manuel Cadenas
|
Pitching: LHP Mas Fogo
|
|
Now at 1B: Fernando Gutiérrez
|
|
Now at SS: José Herrera
|
|
Now in CF: Bill Stephenson
|
|
Batting: LHB Bob Campbell
|
0-0: Ball 1-0: Ball 2-0: Ball 3-0: Called Strike 3-1: Base on Balls
|
Pitching: RHP Pedro Bueno
|
|
Batting: RHB Currito Campos
|
0-0: Ball 1-0: Called Strike 1-1: Foul Ball, location: 2F 1-2: Ball 2-2: DOUBLE (Line Drive, 7LM) Bob Campbell to third
|
Pinch Hitting: LHB César Rodríguez
|
0-0: Ball 1-0: SINGLE (Groundball, 34D) Bob Campbell scores Currito Campos to third
|
Pitching: LHP Cisco Sánchez
|
|
Batting: RHB Joe Noble
|
0-0: Ball 1-0: Ball 2-0: Called Strike 2-1: Foul Ball, location: 2F 2-2: Foul Ball, location: 2F 2-2: Strikes out swinging
|
Batting: RHB Dave Warren
|
0-0: Ball 1-0: Ball 2-0: Swinging Strike 2-1: Ground out 5-3 (Groundball, 56S) César Rodríguez to second
|
Batting: SHB Chris Young
|
0-0: Fly out, F9 (Flyball, 9)
|
Bottom of the 8th over - 1 run(s), 2 hit(s), 0 error(s), 2 left on base; Pensacola 1 - Nashua 1 |
TOP OF THE 9TH |
Pensacola Pilots batting - Pitching for Nashua Redlegs : RHP Jesús Martínez
|
Pitching: RHP Wayne Williams
|
|
Now at 2B: Jason Patrick
|
|
Batting: RHB Jonny Lord
|
0-0: Ball 1-0: Fly out, F6 (Flyball, 56D)
|
Batting: LHB Nick Gamble
|
0-0: TRIPLE (Flyball, 89XD)
|
Pinch Hitting: RHB Jorge Domínguez
|
0-0: Ball Wild Pitch! Nick Gamble scores 1-0: Ground out 6-3 (Groundball, 56)
|
Batting: RHB Julian Lee
|
0-0: Called Strike 0-1: Ball 1-1: Ball 2-1: SINGLE (Line Drive, 89S)
|
Batting: RHB Aaron Grizzle
|
0-0: Ball 1-0: Foul Ball, location: 2F 1-1: SINGLE (Flyball, 89S) Julian Lee to second Runner from 2nd tries for 3rd, SAFE, no throw
|
Pinch Hitting: LHB Lee Foster
|
0-0: Called Strike 0-1: Swinging Strike 0-2: Foul Ball, location: 2F 0-2: Strikes out swinging
|
Top of the 9th over - 1 run(s), 3 hit(s), 0 error(s), 2 left on base; Pensacola 2 - Nashua 1 |
BOTTOM OF THE 9TH |
Nashua Redlegs batting - Pitching for Pensacola Pilots : LHP Cisco Sánchez
|
Pitching: RHP Dustin Taylor
|
|
Now at SS: Markus Cummins
|
|
Now in LF: Lee Foster
|
|
Batting: SHB José Vélez
|
0-0: Swinging Strike 0-1: Ball 1-1: Ground out 4-3 (Groundball, 4)
|
Batting: RHB Joe Smith
|
0-0: Called Strike 0-1: Reached via error on a dropped throw, E3
|
Batting: RHB William Rogers
|
0-0: Ball 1-0: Ball 2-0: Foul Ball, location: 2F 2-1: Ball 3-1: Foul Ball, location: 2F 3-2: Foul Ball, location: 2F 3-2: Foul Ball, location: 2F 3-2: Base on Balls Joe Smith to second
|
Batting: LHB Bob Campbell
|
0-0: Called Strike 0-1: Called Strike 0-2: Ball 1-2: Ball 2-2: Foul Ball, location: 2F 2-2: Foul Ball, location: 2F 2-2: DOUBLE (Line Drive, 9LM) Joe Smith scores William Rogers to third Runner from 3rd tries for Home, SAFE, no throw
|
Tuesday, August 8th, 2017 - OOTP Baseball 17.12 Build 75
|
|